 Dungeon Crawl Stone Soup version 0.28-a0-1447-ga5a8893891 (webtiles) character file.

Game seed: 260082103349981891

151 oldriver the Skirmisher (level 5, 0/43 HPs)
             Began as a Formicid Chaos Knight on Jan 11, 2022.
             Was a Plaything of Xom.
             Slain by a killer bee (3 damage)
             ... on level 4 of the Dungeon.
             The game lasted 00:01:52 (1936 turns).

oldriver the Skirmisher (Formicid Chaos Knight)     Turns: 1936, Time: 00:01:52

Health: 0/43       AC:  5    Str: 19    XL:     5   Next: 59%
Magic:  5/5        EV: 11    Int: 11    God:    Xom [.*....]
Gold:   112        SH:  0    Dex: 10    Spells: 4/4 levels left

rFire   . . .      SeeInvis +   a - +0 hand axe (chaos)
rCold   . . .      Faith    .   (no shield)
rNeg    . . .      Spirit   .   b - +2 leather armour
rPois   .          Reflect  .   (helmet unavailable)
rElec   .          Harm     .   (no cloak)
rCorr   .          Rampage  .   (no gloves)
Will    .....                   (no boots)
Stlth   ..........              (no amulet)
HPRegen 0.14/turn               (no ring)
MPRegen 0.09/turn               (no ring)

@: silenced
A: permanent stasis, dig shafts and tunnels, antennae 3, four strong arms, high
mp 1
a: Dig, Shaft Self, Renounce Religion


You were on level 4 of the Dungeon.
You worshipped Xom.
You were a plaything of Xom.
You visited 1 branch of the dungeon, and saw 4 of its levels.

You collected 112 gold pieces.

Inventory:

Hand Weapons
 a - a +0 hand axe of chaos (weapon)
Armour
 b - a +2 leather armour (worn)
Jewellery
 p - a +6 ring of intelligence
Scrolls
 c - 3 scrolls of identify {unknown}
 d - a scroll of fog {unknown}
 e - a scroll of amnesia {unknown}
 f - a scroll of fear {unknown}
 j - a scroll of vulnerability {unknown}
 m - a scroll of noise {unknown}
 o - a scroll of teleportation {unknown}
Potions
 k - a potion of haste
 n - 2 potions of lignification


   Skills:
 + Level 4.3 Fighting
 + Level 4.0 Axes
 + Level 3.5 Armour
 - Level 2.0 Dodging


You had 4 spell levels left.
You didn't know any spells.
Your spell library was empty.

Dungeon Overview and Level Annotations

Branches:
Dungeon (4/15)
 Temple: D:4-7

Altars:
Wu Jian
The Shining One


Innate Abilities, Weirdness & Mutations

You cannot be hasted, slowed, berserked, paralysed or teleported.
You can dig through walls and to a lower floor.
You have a pair of large antennae on your head. (SInv)
Your four strong arms can wield two-handed weapons with a shield.
You have an increased reservoir of magic. (+10% MP)


Message History

Your killer bee poisons the killer bee!
The killer bee barely misses you.
The killer bee barely misses your killer bee.
Your killer bee barely misses the killer bee.
The killer bee stings you but does no damage.
You barely miss the killer bee.
The killer bee is almost dead.
The killer bee stings your killer bee!
Your killer bee dies!
The killer bee stings you.
* * * LOW HITPOINT WARNING * * *
The killer bee stings you but does no damage.
You feel your dexterity returning.
Training target 2.0 for Dodging reached!
Your Fighting skill increases to level 4!
Your Dodging skill increases to level 2!
You have reached level 5!
You miss the killer bee. x2
The killer bee dies!
The killer bee stings you but does no damage. x2
The killer bee stings you.
* * * LOW HITPOINT WARNING * * *
Your Axes skill increases to level 4!
Unknown command.
It was a potion of cancellation.
Your magical effects are unravelling.
You feel magically purged.
Xom roars with laughter!
You feel less wooden.
Your +2 leather armour unmelds from your body.
The killer bee closely misses you. x2
It was a potion of magic.
Magic courses through your body. The killer bee stings you.
* * * LOW HITPOINT WARNING * * *
The killer bee stings you but does no damage.
Unknown command.
As you read the scroll labelled IRIDOE GILAI, it crumbles to dust.
A profound silence engulfs you.
It was a scroll of silence.
The killer bee closely misses you. The killer bee stings you.
You die...
Xom is highly amused!

#.######..._.♣,* *,,,,,
###.######.....♣ * * ,*
* #...........♣..♣,,,
,,,*
##+#.....>...♣♣♣♣,* *,
,* #....#####...#*,**
***,*, *
#....#####...#*,* ,,,
,,,, #............+,,*
, ,, ,** ##+#.#####...#
**** **** *
*,#.....y@#, ,,,
,,,,,,,* *,#..####§#
************* * #..#
,..#, , , ,,, ,,,*
#.{######.#,*********,*
*,#.....y....,, ,,,* ,*
* #.......#.#, ** , * *
** ##......# *,** *, *
,,,,.......#, ,,,**,**
*,* *,**,##.#....#**,*,
,, **,


You could see a killer bee.

Vanquished Creatures
  4 adders (D:2)
  A ball python (D:2)
  4 endoplasms
  A giant cockroach (D:2)
  3 goblins
  2 hobgoblins
  3 jackals (D:1)
  3 quokkas
  A frilled lizard (D:1)
  A kobold (D:2)
  5 rats (D:2)
28 creatures vanquished.

Vanquished Creatures (collateral kills)
  A killer bee (D:4)
1 creature vanquished.

Vanquished Creatures (others)
  A killer bee (D:4)
1 creature vanquished.

Grand Total: 30 creatures vanquished

Notes
Turn   | Place    | Note
-------+----------+-------------------------------------------
     0 | D:1      | oldriver the Formicid Chaos Knight began the quest for the
                  | Orb.
     0 | D:1      | Reached XP level 1. HP: 18/18 MP: 1/1
    58 | D:1      | Reached skill level 1 in Dodging
   168 | D:1      | Reached XP level 2. HP: 20/24 MP: 2/2
   323 | D:1      | XOM: divination: magic mapping
   480 | D:1      | XOM: divination: magic mapping
   693 | D:1      | XOM: silly message
   886 | D:2      | Found an ornate altar of the Wu Jian Council.
   926 | D:2      | Reached XP level 3. HP: 30/30 MP: 3/3
  1064 | D:2      | Reached XP level 4. HP: 36/37 MP: 4/4
  1207 | D:2      | XOM: stat loss: -1 Dex (9/10)
  1453 | D:3      | XOM: summons 3 hostile demons
  1461 | D:3      | Noticed a sky beast
  1481 | D:4      | XOM: stealth player
  1871 | D:4      | Found a glowing golden altar of the Shining One.
  1893 | D:4      | XOM: give mutation
  1893 | D:4      | Gained mutation: You have an increased reservoir of magic.
                  | (+10% MP) [Xom's mischief]
  1912 | D:4      | XOM: smoke on damage
  1925 | D:4      | XOM: enchant monster (good)
  1931 | D:4      | XOM: divination: magic mapping
  1933 | D:4      | Reached XP level 5. HP: 10/42 MP: 5/5
  1936 | D:4      | Slain by a killer bee

Illustrated notes

Levels and vault maps discovered:
D:1:      dpeg_arrival_leaves_temple_mockup, layout_loops_ring
D:2:      minmay_inner_zag, layout_basic, basic_altar, minmay_misc_feat_five
D:3:      layout_basic, uniq_robin
D:4:      layout_basic, mainiacjoe_overflow_alcove_1

Skill      XL: |  1  2  3  4  5 |
---------------+----------------+-----
Dodging        | 1 2 |  2.0
Armour         | 3 |  3.5
Fighting       | 4 |  4.3
Axes           | 4 |  4.0

Action                   |  1- 3 |  4- 6 || total
-------------------------+-------+-------++-------
Melee: Hand axe          |    57 |    42 ||    99
  Use: Potion            |       |     6 ||     6
       Scroll            |       |     1 ||     1
 Stab: Paralysed         |     1 |       ||     1
Armor: Leather armour    |    19 |    13 ||    32
       Skin              |       |    41 ||    41
Dodge: Dodged            |    39 |    29 ||    68

Table legend: (Time is in decaauts)
 A = Elapsed time spent in this place.
 B = Non-inter-level travel time spent in this place.
 C = Inter-level travel time spent in this place.
 D = Time resting spent in this place.
 E = Time spent auto-exploring this place.
 F = Levels seen in this place.
 G = Mean time per level.
                   A        B        C        D        E       F      G
               +--------+--------+--------+--------+--------+-----+--------+
         Total |   1948 |   1852 |     96 |      0 |   1556 |   4 |  487.0 |
       Dungeon |   1948 |   1852 |     96 |      0 |   1556 |   4 |  487.0 |
               +--------+--------+--------+--------+--------+-----+--------+

Top non-repeatable levels by time:
     D:1: 889 daAuts
     D:2: 571 daAuts
     D:4: 457 daAuts
     D:3: 30 daAuts
